 Dungeon Crawl Stone Soup version 0.29.1-12-g30fa7ad0bf (webtiles) character file.

Game seed: 9911418116088401495

7 MrZane the Trooper (level 2, 0/24 HPs)
             Began as a Human Berserker on Jan 5, 2023.
             Was a Follower of the Shining One.
             Slain by a polar bear (1 damage)
             ... created by the rage of Trog
             ... on level 1 of the Dungeon.
             The game lasted 00:03:16 (525 turns).

MrZane the Trooper (Human Berserker)                 Turns: 525, Time: 00:03:17

Health: 0/24       AC:  5    Str: 17    XL:     2   Next: 10%
Magic:  2/2        EV: 11    Int:  7    God:    the Shining One [*.....]
Gold:   9          SH:  0    Dex: 12    Spells: 1/1 levels left

rFire   . . .      SeeInvis .   a - +0 falchion
rCold   . . .      Faith    .   (no shield)
rNeg    . . .      Spirit   .   h - +0 ring mail
rPois   .          Reflect  .   (no helmet)
rElec   .          Harm     .   (no cloak)
rCorr   .          Rampage  .   (no gloves)
Will    .....                   (no boots)
Stlth   +.........              (no amulet)
HPRegen 0.08/turn               (no ring)
MPRegen 0.08/turn               (no ring)

@: glowing
A: no striking features
a: Renounce Religion, Divine Shield


You were on level 1 of the Dungeon.
You worshipped the Shining One.
The Shining One was aware of your devotion.
You visited 1 branch of the dungeon, and saw 1 of its levels.

You collected 9 gold pieces.

Inventory:

Hand Weapons
 a - a +0 falchion (weapon)
Armour
 b - a +0 animal skin
 h - a +0 ring mail (worn)
Jewellery
 d - a +6 ring of strength
Scrolls
 c - a scroll of silence {unknown}
 f - a scroll of amnesia {unknown}
 g - a scroll of blinking {unknown}
Potions
 e - a potion of curing {unknown}


   Skills:
 + Level 3.2 Fighting
 + Level 3.2 Long Blades
 + Level 2.1 Armour
 + Level 2.1 Dodging


You had one spell level left.
You didn't know any spells.
Your spell library was empty.

Dungeon Overview and Level Annotations

Branches:
Dungeon (1/15)

Altars:
The Shining One


Message History

You hit the rat.
You kill the rat!
The bat hits you but does no damage. The bat hits you but does no damage.
The bat barely misses you.
You see here a rat corpse.
You closely miss the bat. The bat misses you. The bat barely misses you.
The bat hits you but does no damage. The bat closely misses you.
The bat hits you but does no damage. The bat hits you but does no damage.
You slash the bat!
You kill the bat!
You see here a +0 ring mail.
h - a +0 ring mail You start removing your armour.
You continue taking off your +0 animal skin. x4
You finish taking off your +0 animal skin.
You start putting on your armour.
You continue putting on your +0 ring mail. x5
You finish putting on your +0 ring mail.
You see here a rat corpse.
You open the door.
There is an open door here.
There is an open door here.
Trog sends monsters to punish you.
A polar bear and 2 black bears come into view.
You hit the black bear but do no damage.
You barely miss the black bear. The polar bear bites you!!
Ouch! That really hurt!
* * * LOW HITPOINT WARNING * * *
The polar bear barely misses you. x2; The black bear closely misses you. x3
You hit the black bear.
The black bear is lightly wounded.
The polar bear barely misses you. x2; The polar bear misses you.
The black bear closely misses you.
The black bear claws you but does no damage.
The black bear closely misses you. The black bear bites you.
* * * LOW HITPOINT WARNING * * *
The black bear claws you but does no damage.
The black bear closely misses you. The polar bear bites you.
You die...

.†...###### #...... †....#
####### '##### # ...# # ##.# #
.#.# ###### # .#.# ###....# #
.#.#########....h.###############
...........'...h@h...............
.....#######...############.#####
♣###.# #...# #.# ♣♣♣#.## #.....
..# ..♣#..# ####.... .### ♣♣....#
..... .. ####.# ###.. .. #.# .#
... #.#


You could see a polar bear (berserk) and 2 black bears.

Vanquished Creatures
  A ball python (D:1)
  A hobgoblin (D:1)
  A quokka (D:1)
  3 bats (D:1)
  2 rats (D:1)
8 creatures vanquished.

Notes
Turn   | Place    | Note
-------+----------+-------------------------------------------
     0 | D:1      | MrZane the Human Berserker began the quest for the Orb.
     0 | D:1      | Reached XP level 1. HP: 18/18 MP: 1/1
    81 | D:1      | Found a faded altar of an unknown god.
   113 | D:1      | Prayed at the altar of an unknown god.
   113 | D:1      | Fell from the grace of Trog
   113 | D:1      | Became a worshipper of the Shining One
   113 | D:1      | Reached * piety under the Shining One
   466 | D:1      | Reached XP level 2. HP: 21/24 MP: 2/2
   523 | D:1      | Noticed a black bear
   523 | D:1      | Noticed a polar bear
   523 | D:1      | Noticed a black bear
   525 | D:1      | HP: 1/24 [black bear[the rage of Trog] (4)]
   525 | D:1      | Slain by a polar bear

Illustrated notes

Levels and vault maps discovered:
D:1:      dpeg_arrival_rooms_b, layout_basic,
          shapermc_ecumenical_altar_totnotflames

Action                   || total
-------------------------++-------
Melee: Falchion          ||    21
Armor: Animal skin       ||    17
       Ring mail         ||     2
Dodge: Dodged            ||    36
